Match 42355551
Unlisted

Match 42355551
End
Vickers Machine Gun Team
Construct Section Command Post
Selects Air and Sea Battlegroup
Royal Engineer Section
Infantry Section
Infantry Section
ML 3-inch Mortar Team
Infantry Section
Selects Commando Section Paradrop
Construct Field Infirmary
Grenade Package
Construct Platoon Command Post
Unlock M3 Stuart Light Tanks
M3 Stuart Light Tank
Selects Commando Support Section Paradrop
Commando Support Section Paradrop
BENDER
سَۨفُـيٰانۨوٰس
0
0

Comments sign in to comment!

No comments posted yet!